AoeStats
← MJAI

Arabia

509299413Analyzed
4v4 RM · 8d ago on Sep 26, 2026· 57m 11s· 8 players
Game mode
Random Map
Map size
Large (8 player)
Population
200
Speed
Normal
Resources
Standard
Victory
Conquest
Starting age
Dark Age
Ending age
Imperial Age
RankedLock teamsTeams togetherTeam positionsShared explorationLock speedFull tech treeHidden civsTurbo modeCheats
Victory
Defeat
1401
+16
🇹🇼 Magyars · Taiwan
1385
+16
🇮🇳 Ethiopians · India
1377
+17
🇮🇳 Berbers · India
1350
+19
🇭🇰 Burgundians · Hong Kong SAR China
1743
-27
🇭🇰 Franks · Hong Kong SAR China
1604
-23
🇳🇱 Franks · Netherlands
1390
-16
🇭🇰 Poles · Hong Kong SAR China
839
-2
_HerculePoirot_
6:45 Loom
9:24 Feudal Age
10:06 Double-Bit Axe
10:19 Horse Collar
16:19 Forging
17:07 Scale Barding Armor
18:18 Wheelbarrow
18:40 Bloodlines
23:58 Castle Age
23:48 Horse Collar
24:45 Husbandry
25:06 Chain Barding Armor
25:22 Iron Casting
24:22 Pikeman
27:19 Bow Saw
27:10 Heavy Plow
28:55 Wheelbarrow
38:06 Stone Mining
38:07 Gold Mining
46:40 Imperial Age
44:26 Hand Cart
43:57 Town Watch
46:06 Light Cavalry
46:43 Heavy Camel Rider
46:44 Cavalier
48:02 Plate Barding Armor
48:32 Blast Furnace
47:50 Hussar
53:25 Fletching
53:36 Padded Archer Armor
53:53 Clinker Construction
55:16 Ballistics
55:39 Bodkin Arrow
56:00 Leather Archer Armor
arsenalchelsea2
6:45 Loom
9:21 Feudal Age
16:03 Fletching
22:17 Castle Age
20:35 Double-Bit Axe
21:04 Gold Mining
22:18 Crossbowman
22:58 Bodkin Arrow
23:53 Padded Archer Armor
24:19 Ballistics
27:00 Bow Saw
28:30 Thumb Ring
33:27 Horse Collar
39:05 Imperial Age
38:45 Gold Shaft Mining
39:40 Wheelbarrow
40:46 Chemistry
39:07 Arbalester
40:09 Bracer
45:43 Halberdier
46:50 Scale Mail Armor
47:01 Forging
48:01 Hand Cart
49:34 Squires
51:19 Conscription
52:27 Chain Mail Armor
55:37 Leather Archer Armor
55:53 Plate Mail Armor
55:44 Caravan
57:24 Town Watch
joe08957
6:06 Loom
8:57 Feudal Age
19:46 Castle Age
17:35 Horse Collar
17:41 Double-Bit Axe
20:05 Bloodlines
20:07 Scale Barding Armor
21:19 Bow Saw
23:07 Husbandry
25:15 Wheelbarrow
27:13 Gold Mining
28:14 Chain Barding Armor
33:33 Gold Shaft Mining
33:08 Heavy Plow
41:38 Imperial Age
41:45 Cavalier
43:05 Plate Barding Armor
44:35 Hand Cart
44:45 Conscription
44:05 Light Cavalry
45:15 Hussar
50:33 Ballistics
55:33 Stone Mining
55:49 Fletching
潮喜歡說故事的洛洛
2:22 Loom
12:40 Feudal Age
13:42 Champi Runner
14:20 Double-Bit Axe
15:57 Wheelbarrow
16:33 Arson
18:04 Town Watch
23:21 Castle Age
22:38 Horse Collar
23:46 Scale Mail Armor
23:57 Forging
24:05 Squires
23:32 Champi Warrior
25:27 Wheelbarrow
25:38 Pikeman
26:50 Bow Saw
26:30 Gold Mining
28:05 Town Patrol
29:14 Chain Mail Armor
30:58 Iron Casting
37:57 Imperial Age
38:04 Imperial Age
36:12 Heavy Plow
38:16 Elite Ibirapema Warrior
40:06 Two-Man Saw
39:40 Conscription
42:09 Plate Mail Armor
48:28 Capped Ram
50:05 Siege Ram
50:51 Elite Champi Warrior
55:44 Curare
55:53 Caciques
55:55 Halberdier
hide1914
5:58 Loom
9:16 Feudal Age
9:54 Double-Bit Axe
15:06 Scale Barding Armor
16:12 Forging
18:15 Wheelbarrow
23:29 Castle Age
22:41 Gold Mining
23:37 Light Cavalry
24:38 Chain Barding Armor
24:53 Iron Casting
24:21 Husbandry
24:32 Bow Saw
27:08 Town Watch
33:52 Hand Cart
36:38 Fletching
43:24 Imperial Age
45:02 Plate Barding Armor
43:48 Cavalier
46:00 Blast Furnace
45:41 Bodkin Arrow
49:35 Paladin
53:18 Conscription
57:23 Chemistry
hckwok823
5:34 Loom
12:27 Feudal Age
11:18 Loom
13:08 Double-Bit Axe
13:30 Horse Collar
18:20 Bloodlines
17:35 Man-at-Arms
29:13 Castle Age
27:20 Gold Mining
28:03 Scale Barding Armor
29:01 Wheelbarrow
29:21 Forging
31:30 Szlachta Privileges
36:12 Hand Cart
36:03 Heavy Plow
36:30 Husbandry
39:48 Hand Cart
39:30 Town Watch
39:29 Light Cavalry
43:04 Imperial Age
41:39 Chain Barding Armor
41:21 Scale Mail Armor
43:28 Cavalier
MJAI
5:48 Loom
9:23 Feudal Age
10:33 Double-Bit Axe
11:20 Horse Collar
15:52 Scale Barding Armor
16:53 Wheelbarrow
16:59 Bow Saw
17:09 Forging
23:26 Castle Age
22:31 Gold Mining
22:43 Heavy Plow
23:31 Cavalier
24:11 Husbandry
27:22 Chain Barding Armor
27:02 Town Watch
28:56 Iron Casting
34:46 Hand Cart
37:44 Imperial Age
36:32 Stone Mining
37:52 Paladin
39:14 Plate Barding Armor
40:58 Blast Furnace
40:54 Crop Rotation
45:45 Conscription
49:57 Scale Mail Armor
51:03 Padded Archer Armor
52:05 Chemistry
51:25 Ballistics
51:00 Fletching
51:26 Pikeman
52:07 Squires
52:15 Halberdier
53:13 Chain Mail Armor
53:14 Leather Archer Armor
LogsandBoats
7:39 Loom
10:03 Feudal Age
10:58 Double-Bit Axe
15:04 Fletching
15:28 Padded Archer Armor
21:36 Castle Age
19:44 Gold Mining
20:13 Stone Mining
21:01 Town Watch
21:52 Wheelbarrow
21:05 Town Watch
21:49 Crossbowman
22:26 Bodkin Arrow
23:16 Bow Saw
24:33 Leather Archer Armor
31:28 Ballistics
32:29 Hand Cart
41:45 Imperial Age
40:28 Elite Skirmisher
46:06 Scale Barding Armor
46:12 Forging
45:59 Cavalier
46:40 Husbandry
47:28 Chain Barding Armor
49:34 Iron Casting
50:11 Plate Barding Armor
Connection lost

Rejoining the realm…

Still unreachable

The connection could not be restored.

Session expired

The server has moved on; the page needs a fresh start.